Predators vs Avalanche

Created - March 8 2008 at 14:14

Goals
1 2 3 T
Predators 2 4 0 6
Avalanche 1 1 1 3
Shots
1 2 3 T
Predators 10 11 10 31
Avalanche 5 15 7 27

Period #1

1. Predators , Tomas Kaberle 8 (David Legwand, Justin Williams) at 0:24
2. Predators , David Legwand 15 (Justin Williams, Shea Weber) at 7:04 (PP)
3. Avalanche , Wojtek Wolski 20 (Brandon Bochenski, Patrick Sharp) at 9:59

Penalties :
Patrick Sharp (COL) for Holding (Minor) at 3:31, Joni Pitkanen (COL) for Holding (Minor) at 6:56, Wojtek Wolski (COL) for Roughing (Minor) at 15:38, Scott Hartnell (NSH) for Hooking (Minor) at 16:12, Justin Williams (NSH) for Roughing (Minor) at 16:47

Period #2

4. Predators , Martin Erat 13 (Marek Zidlicky, Todd Bertuzzi) at 2:35
5. Predators , Paul Kariya 22 (Justin Williams, Derek Morris) at 5:11 (PP)
6. Predators , Paul Kariya 23 (Tomas Kaberle, Justin Williams) at 5:27 (PP)
7. Predators , Shea Weber 15 (Tomas Kaberle, Paul Kariya) at 12:36 (PP)
8. Avalanche , Kurt Sauer 2 (Patrick Sharp, Kevin Klein) at 15:51 (PP)

Penalties :
Sergei Brylin (COL) for Roughing (Minor) at 4:39, Kurt Sauer (COL) for Holding (Minor) at 4:42, Derek Morris (NSH) for High sticking (Minor) at 6:10, Randy Jones (COL) for Interference (Minor) at 10:48, David Legwand (NSH) for Hooking (Minor) at 14:12, Randy Jones (COL) for Roughing (Minor) at 17:57

Period #3

9. Avalanche , Mike Cammalleri 24 (Randy Jones, Mike Smith) at 3:05 (PP)

Penalties :
Justin Williams (NSH) for Hooking (Minor) at 0:21, Shea Weber (NSH) for Roughing (Minor) at 2:53, Karlis Skrastins (COL) for Roughing (Minor) at 6:51, Mike Modano (COL) for Interference (Minor) at 16:06

Goalie Stats

Tomas Vokoun (NSH), 24 saves from 27 shots - (0.889), W, 36-23-4, 60:00 minutes
Mike Smith (COL), 15 saves from 16 shots - (0.938), 34:33 minutes
Martin Biron (COL), 10 saves from 15 shots - (0.667), L, 4-14-2, 25:27 minutes

Players Stats

Predators
Player Name              G  A  P  +/- PIM S  H  SB FO MP 
-----------------------------------------------------------
Craig Rivet              0  0  0   1  0   0  3  1  0  19 
David Legwand            1  1  2   0  2   1  1  1  28 22 
Derek Morris             0  1  1   0  2   1  4  2  0  22 
Jeff Carter              0  0  0   1  0   3  2  1  14 18 
Jordin Tootoo            0  0  0   0  0   0  0  0  0  4  
Josef Vasicek            0  0  0   0  0   0  1  0  0  8  
Justin Williams          0  4  4   0  4   1  1  0  2  19 
Marek Zidlicky           0  1  1   1  0   0  1  2  0  19 
Martin Erat              1  0  1   1  0   3  1  0  1  14 
Paul Kariya              2  1  3   0  0   5  0  0  1  18 
Robert Lang              0  0  0   0  0   4  1  0  25 19 
Ryan Suter               0  0  0   0  0   1  0  1  0  20 
Scott Hartnell           0  0  0   0  2   2  1  0  3  20 
Shea Weber               1  1  2   0  2   2  0  0  0  23 
Steve Sullivan           0  0  0   0  0   6  0  0  1  19 
Todd Bertuzzi            0  1  1   1  0   1  1  0  0  14 
Tomas Kaberle            1  2  3   0  0   1  1  0  0  23 
Vernon Fiddler           0  0  0   0  0   0  0  0  14 9  
Avalanche
Player Name              G  A  P  +/- PIM S  H  SB FO MP 
-----------------------------------------------------------
Bill Thomas              0  0  0   0  0   2  0  1  0  12 
Brandon Bochenski        0  1  1   0  0   1  2  1  1  14 
Brett Mclean             0  0  0   0  0   0  1  0  22 14 
Craig Conroy             0  0  0   0  0   3  2  0  13 12 
Gary Roberts             0  0  0   0  0   3  1  0  3  15 
Greg De Vries            0  0  0   0  0   0  3  0  0  24 
Joni Pitkanen            0  0  0  -1  2   0  0  3  0  23 
Karlis Skrastins         0  0  0   0  2   0  2  1  0  17 
Kevin Klein              0  1  1   0  0   1  3  0  0  19 
Kurt Sauer               1  0  1   0  2   2  1  0  0  20 
Martin Straka            0  0  0  -1  0   2  1  0  2  18 
Mike Cammalleri          1  0  1  -1  0   3  1  0  2  18 
Mike Modano              0  0  0  -1  2   0  0  0  24 19 
Patrick Sharp            0  2  2   0  2   2  2  1  20 22 
Peter Bondra             0  0  0   0  0   1  1  0  0  7  
Randy Jones              0  1  1  -1  4   1  1  3  0  21 
Sergei Brylin            0  0  0   0  2   3  0  1  1  12 
Wojtek Wolski            1  0  1   0  2   3  1  0  1  17 

3 Stars

1 - Paul Kariya (NSH)
2 - Justin Williams (NSH)
3 - Tomas Kaberle (NSH)

Power Play

Predators - 4 on 9 Attempt(s) - 44.44%
Avalanche - 2 on 6 Attempt(s) - 33.33%

Penalty Kill

Predators - 4 on 6 Attempt(s) - 66.67% - Score 0 goal in Penalty Kill
Avalanche - 5 on 9 Attempt(s) - 55.56% - Score 0 goal in Penalty Kill

Game Notes

Mike Smith enters game at 5:27 of 2nd period

Finance

Level 1 -- Attendance: 4455 (74.25%) -- Ticket Income $400,950.00
Level 2 -- Attendance: 2530 (50.60%) -- Ticket Income $151,800.00
Level 3 -- Attendance: 1122 (55.90%) -- Ticket Income $39,270.00
Level 4 -- Attendance: 2002 (50.05%) -- Ticket Income $50,050.00
Luxury Box -- Attendance: 620 (62.00%) -- Ticket Income $124,000.00
Game was played at the Pepsi Center
Total Attendance: 10729 (59.58%)
Total Ticket Income: $792,254.80
Other Income: $122,112.90
Total Income: $914,368.00


Play by Play

Period #1

0:01 of 1st period - David Legwand wins face-off versus Mike Modano in neutral zone.
0:06 of 1st period - Shot by Justin Williams.
0:06 of 1st period - Shot Blocked by Joni Pitkanen.
0:16 of 1st period - Shot by Justin Williams.
0:16 of 1st period - Shot Hit the Post.
0:20 of 1st period - Shot by David Legwand.
0:20 of 1st period - Shot Blocked by Joni Pitkanen.
0:22 of 1st period - Shot by David Legwand.
0:22 of 1st period - Shot Misses the Net.
0:24 of 1st period - Shot by Tomas Kaberle.
0:24 of 1st period - Goal by Tomas Kaberle - Predators : 1 - Avalanche : 0.
0:25 of 1st period - Robert Lang wins face-off versus Patrick Sharp in neutral zone.
0:25 of 1st period - Scott Hartnell is hit by Wojtek Wolski and loses puck.
0:41 of 1st period - Scott Hartnell is hit by Greg De Vries and loses puck.
1:57 of 1st period - Shot by Paul Kariya.
1:57 of 1st period - Stopped by Martin Biron without a rebound.
1:58 of 1st period - Craig Conroy wins face-off versus Jeff Carter in Avalanche zone.
2:00 of 1st period - Icing by Gary Roberts.
2:01 of 1st period - Craig Conroy wins face-off versus Jeff Carter in Avalanche zone.
2:01 of 1st period - Craig Conroy is hit by Jeff Carter.
2:07 of 1st period - Jeff Carter is hit by Gary Roberts and loses puck.
2:26 of 1st period - Shot by Gary Roberts.
2:26 of 1st period - Shot Blocked by Craig Rivet.
3:07 of 1st period - Paul Kariya is hit by Greg De Vries and loses puck.
3:14 of 1st period - David Legwand is hit by Patrick Sharp and loses puck.
3:31 of 1st period - Minor Penalty to Patrick Sharp for Holding.
3:32 of 1st period - Mike Modano wins face-off versus Robert Lang in neutral zone.
4:52 of 1st period - Icing by Justin Williams.
4:53 of 1st period - Brett Mclean wins face-off versus David Legwand in Predators zone.
6:08 of 1st period - Patrick Sharp is hit by Craig Rivet and loses puck.
6:17 of 1st period - Greg De Vries is hit by Todd Bertuzzi and loses puck.
6:56 of 1st period - Minor Penalty to Joni Pitkanen for Holding.
6:57 of 1st period - David Legwand wins face-off versus Mike Modano in Avalanche zone.
7:00 of 1st period - Shot by Shea Weber.
7:00 of 1st period - Shot Blocked by Randy Jones.
7:02 of 1st period - Shot by Justin Williams.
7:02 of 1st period - Shot Blocked by Randy Jones.
7:04 of 1st period - Shot by David Legwand.
7:04 of 1st period - Goal by David Legwand - Predators : 2 - Avalanche : 0.
7:05 of 1st period - Mike Cammalleri wins face-off versus Vernon Fiddler in neutral zone.
7:13 of 1st period - Shot by Jeff Carter.
7:13 of 1st period - Shot Misses the Net.
7:15 of 1st period - Shot by Vernon Fiddler.
7:15 of 1st period - Shot Misses the Net.
7:17 of 1st period - Shot by Jeff Carter.
7:17 of 1st period - Shot Misses the Net.
7:23 of 1st period - Shot by Derek Morris.
7:23 of 1st period - Stopped by Martin Biron without a rebound.
7:24 of 1st period - Craig Conroy wins face-off versus David Legwand in Avalanche zone.
7:32 of 1st period - Off-side.
7:33 of 1st period - Brett Mclean wins face-off versus Robert Lang in neutral zone.
7:40 of 1st period - Shot by Peter Bondra.
7:40 of 1st period - Stopped by Tomas Vokoun without a rebound.
7:41 of 1st period - Jeff Carter wins face-off versus Craig Conroy in Predators zone.
7:41 of 1st period - Jeff Carter is hit by Craig Conroy.
8:38 of 1st period - Todd Bertuzzi is hit by Martin Straka and loses puck.
9:06 of 1st period - Shot by Mike Cammalleri.
9:06 of 1st period - Shot Misses the Net.
9:23 of 1st period - Icing by Greg De Vries.
9:24 of 1st period - David Legwand wins face-off versus Patrick Sharp in Avalanche zone.
9:57 of 1st period - Shot by Brandon Bochenski.
9:57 of 1st period - Shot Misses the Net.
9:59 of 1st period - Shot by Wojtek Wolski.
9:59 of 1st period - Goal by Wojtek Wolski - Predators : 2 - Avalanche : 1.
10:00 of 1st period - Robert Lang wins face-off versus Craig Conroy in neutral zone.
10:11 of 1st period - Shot by Scott Hartnell.
10:11 of 1st period - Shot Misses the Net.
10:13 of 1st period - Shot by Robert Lang.
10:13 of 1st period - Stopped by Martin Biron without a rebound.
10:14 of 1st period - Robert Lang wins face-off versus Brett Mclean in Avalanche zone.
10:39 of 1st period - Shot by Sergei Brylin.
10:39 of 1st period - Shot Misses the Net.
11:19 of 1st period - Icing by David Legwand.
11:20 of 1st period - David Legwand wins face-off versus Mike Modano in Predators zone.
11:30 of 1st period - Shot by Paul Kariya.
11:30 of 1st period - Stopped by Martin Biron without a rebound.
11:31 of 1st period - David Legwand wins face-off versus Wojtek Wolski in Avalanche zone.
11:52 of 1st period - Shot by Greg De Vries.
11:52 of 1st period - Shot Blocked by Derek Morris.
12:29 of 1st period - Karlis Skrastins is hit by Jeff Carter and loses puck.
12:46 of 1st period - Shot by Todd Bertuzzi.
12:46 of 1st period - Stopped by Martin Biron without a rebound.
12:47 of 1st period - Scott Hartnell wins face-off versus Mike Modano in Avalanche zone.
12:52 of 1st period - Shot by Robert Lang.
12:52 of 1st period - Shot Blocked by Joni Pitkanen.
14:57 of 1st period - Shot by Steve Sullivan.
14:57 of 1st period - Stopped by Martin Biron without a rebound.
14:58 of 1st period - Justin Williams wins face-off versus Patrick Sharp in Avalanche zone.
14:58 of 1st period - David Legwand is hit by Greg De Vries and loses puck.
15:37 of 1st period - Justin Williams is hit by Brandon Bochenski and loses puck.
15:38 of 1st period - Minor Penalty to Wojtek Wolski for Roughing.
15:39 of 1st period - Robert Lang wins face-off versus Brett Mclean in Predators zone.
15:39 of 1st period - Robert Lang is hit by Patrick Sharp.
15:49 of 1st period - Shot by Scott Hartnell.
15:49 of 1st period - Shot Blocked by Bill Thomas.
16:07 of 1st period - Shot by Steve Sullivan.
16:07 of 1st period - Stopped by Martin Biron with a rebound.
16:12 of 1st period - Minor Penalty to Scott Hartnell for Hooking.
16:13 of 1st period - Jeff Carter wins face-off versus Gary Roberts in Avalanche zone.
16:47 of 1st period - Minor Penalty to Justin Williams for Roughing.
16:48 of 1st period - Brett Mclean wins face-off versus Vernon Fiddler in neutral zone.
16:59 of 1st period - Shot by Sergei Brylin.
16:59 of 1st period - Shot Misses the Net.
17:03 of 1st period - Shot by Kevin Klein.
17:03 of 1st period - Stopped by Tomas Vokoun without a rebound.
17:04 of 1st period - Brett Mclean wins face-off versus Vernon Fiddler in Predators zone.
18:19 of 1st period - Wojtek Wolski is hit by Marek Zidlicky and loses puck.
18:24 of 1st period - Shot by Gary Roberts.
18:24 of 1st period - Shot Blocked by David Legwand.
18:26 of 1st period - Shot by Kurt Sauer.
18:26 of 1st period - Stopped by Tomas Vokoun without a rebound.
18:27 of 1st period - Vernon Fiddler wins face-off versus Patrick Sharp in Predators zone.
18:39 of 1st period - Gary Roberts is hit by Derek Morris and loses puck.
19:01 of 1st period - Shot by Craig Conroy.
19:01 of 1st period - Stopped by Tomas Vokoun without a rebound.
19:02 of 1st period - Sergei Brylin wins face-off versus Robert Lang in Predators zone.
19:20 of 1st period - Off-side.
19:21 of 1st period - Vernon Fiddler wins face-off versus Craig Conroy in neutral zone.
19:44 of 1st period - Shot by Jeff Carter.
19:44 of 1st period - Stopped by Martin Biron with a rebound.
19:46 of 1st period - Shot by Josef Vasicek.
19:46 of 1st period - Shot Misses the Net.

Period #2

0:01 of 2nd period - Mike Modano wins face-off versus David Legwand in neutral zone.
0:42 of 2nd period - Icing by Mike Cammalleri.
0:43 of 2nd period - Mike Modano wins face-off versus Robert Lang in Avalanche zone.
0:48 of 2nd period - Steve Sullivan is hit by Mike Cammalleri and loses puck.
1:25 of 2nd period - Shot by Steve Sullivan.
1:25 of 2nd period - Stopped by Martin Biron with a rebound.
1:27 of 2nd period - Shot by Robert Lang.
1:27 of 2nd period - Shot Misses the Net.
1:47 of 2nd period - Shot by Kevin Klein.
1:47 of 2nd period - Shot Hit the Post.
1:49 of 2nd period - Shot by Wojtek Wolski.
1:49 of 2nd period - Stopped by Tomas Vokoun without a rebound.
1:50 of 2nd period - Craig Conroy wins face-off versus David Legwand in Predators zone.
1:50 of 2nd period - Bill Thomas is hit by Derek Morris and loses puck.
2:15 of 2nd period - Shot by Justin Williams.
2:15 of 2nd period - Stopped by Martin Biron without a rebound.
2:16 of 2nd period - Patrick Sharp wins face-off versus Jeff Carter in Avalanche zone.
2:35 of 2nd period - Shot by Martin Erat.
2:35 of 2nd period - Goal by Martin Erat - Predators : 3 - Avalanche : 1.
2:36 of 2nd period - Robert Lang wins face-off versus Gary Roberts in neutral zone.
3:05 of 2nd period - Shot by Craig Conroy.
3:05 of 2nd period - Stopped by Tomas Vokoun with a rebound.
3:07 of 2nd period - Shot by Craig Conroy.
3:07 of 2nd period - Shot Blocked by Ryan Suter.
3:41 of 2nd period - Shot by Brandon Bochenski.
3:41 of 2nd period - Shot Misses the Net.
4:38 of 2nd period - Paul Kariya is hit by Peter Bondra and loses puck.
4:39 of 2nd period - Minor Penalty to Sergei Brylin for Roughing.
4:40 of 2nd period - David Legwand wins face-off versus Brett Mclean in neutral zone.
4:42 of 2nd period - Minor Penalty to Kurt Sauer for Holding.
4:43 of 2nd period - Patrick Sharp wins face-off versus David Legwand in Avalanche zone.
4:58 of 2nd period - Shot by Tomas Kaberle.
4:58 of 2nd period - Shot Misses the Net.
5:11 of 2nd period - Shot by Paul Kariya.
5:11 of 2nd period - Goal by Paul Kariya - Predators : 4 - Avalanche : 1.
5:12 of 2nd period - Brett Mclean wins face-off versus David Legwand in neutral zone.
5:22 of 2nd period - Justin Williams is hit by Karlis Skrastins and loses puck.
5:27 of 2nd period - Shot by Paul Kariya.
5:27 of 2nd period - Goal by Paul Kariya - Predators : 5 - Avalanche : 1.
5:27 of 2nd period - Mike Smith enters game.
5:28 of 2nd period - Mike Cammalleri wins face-off versus Jeff Carter in neutral zone.
5:53 of 2nd period - Shot by Martin Straka.
5:53 of 2nd period - Stopped by Tomas Vokoun without a rebound.
5:54 of 2nd period - Gary Roberts wins face-off versus Vernon Fiddler in Predators zone.
5:57 of 2nd period - Shot by Gary Roberts.
5:57 of 2nd period - Shot Misses the Net.
6:01 of 2nd period - Shot by Craig Conroy.
6:01 of 2nd period - Shot Misses the Net.
6:03 of 2nd period - Shot by Gary Roberts.
6:03 of 2nd period - Stopped by Tomas Vokoun with a rebound.
6:07 of 2nd period - Shot by Bill Thomas.
6:07 of 2nd period - Stopped by Tomas Vokoun with a rebound.
6:09 of 2nd period - Shot by Bill Thomas.
6:09 of 2nd period - Shot Misses the Net.
6:10 of 2nd period - Minor Penalty to Derek Morris for High sticking.
6:11 of 2nd period - Patrick Sharp wins face-off versus David Legwand in Predators zone.
7:42 of 2nd period - Shot by Greg De Vries.
7:42 of 2nd period - Shot Misses the Net.
7:44 of 2nd period - Shot by Patrick Sharp.
7:44 of 2nd period - Stopped by Tomas Vokoun without a rebound.
7:45 of 2nd period - Justin Williams wins face-off versus Mike Modano in Predators zone.
9:03 of 2nd period - Icing by Greg De Vries.
9:04 of 2nd period - Martin Erat wins face-off versus Brett Mclean in Avalanche zone.
9:07 of 2nd period - Shot by Todd Bertuzzi.
9:07 of 2nd period - Deflect By Jeff Carter.
9:07 of 2nd period - Shot Misses the Net.
9:18 of 2nd period - Icing by Craig Rivet.
9:19 of 2nd period - Jeff Carter wins face-off versus Patrick Sharp in Predators zone.
10:48 of 2nd period - Minor Penalty to Randy Jones for Interference.
10:49 of 2nd period - Mike Modano wins face-off versus Robert Lang in Avalanche zone.
11:10 of 2nd period - Shot by Sergei Brylin.
11:10 of 2nd period - Stopped by Tomas Vokoun with a rebound.
11:12 of 2nd period - Shot by Sergei Brylin.
11:12 of 2nd period - Stopped by Tomas Vokoun without a rebound.
11:13 of 2nd period - David Legwand wins face-off versus Brett Mclean in Predators zone.
11:28 of 2nd period - Shot by Shea Weber.
11:28 of 2nd period - Deflect By David Legwand.
11:28 of 2nd period - Shot Misses the Net.
11:30 of 2nd period - Shot by Justin Williams.
11:30 of 2nd period - Shot Misses the Net.
11:34 of 2nd period - Shot by Paul Kariya.
11:34 of 2nd period - Shot Misses the Net.
11:36 of 2nd period - Shot by Paul Kariya.
11:36 of 2nd period - Stopped by Mike Smith without a rebound.
11:37 of 2nd period - Mike Modano wins face-off versus Robert Lang in Avalanche zone.
11:45 of 2nd period - Icing by Steve Sullivan.
11:46 of 2nd period - Robert Lang wins face-off versus Mike Modano in Predators zone.
12:09 of 2nd period - Shot by Ryan Suter.
12:09 of 2nd period - Stopped by Mike Smith without a rebound.
12:10 of 2nd period - David Legwand wins face-off versus Mike Modano in Avalanche zone.
12:36 of 2nd period - Shot by Shea Weber.
12:36 of 2nd period - Goal by Shea Weber - Predators : 6 - Avalanche : 1.
12:37 of 2nd period - Mike Modano wins face-off versus Jeff Carter in neutral zone.
12:53 of 2nd period - Shot by Martin Straka.
12:53 of 2nd period - Stopped by Tomas Vokoun without a rebound.
12:54 of 2nd period - Patrick Sharp wins face-off versus Robert Lang in Predators zone.
12:57 of 2nd period - Shot by Kevin Klein.
12:57 of 2nd period - Shot Misses the Net.
13:06 of 2nd period - Shea Weber is hit by Kevin Klein.
13:14 of 2nd period - Shot by Robert Lang.
13:14 of 2nd period - Stopped by Mike Smith without a rebound.
13:15 of 2nd period - Craig Conroy wins face-off versus Jeff Carter in Avalanche zone.
13:20 of 2nd period - Shot by Craig Conroy.
13:20 of 2nd period - Stopped by Tomas Vokoun with a rebound.
13:34 of 2nd period - Shot by Gary Roberts.
13:34 of 2nd period - Stopped by Tomas Vokoun without a rebound.
13:35 of 2nd period - Brett Mclean wins face-off versus David Legwand in Predators zone.
13:37 of 2nd period - Sergei Brylin is hit by Tomas Kaberle and loses puck.
14:12 of 2nd period - Minor Penalty to David Legwand for Hooking.
14:13 of 2nd period - Patrick Sharp wins face-off versus Scott Hartnell in Avalanche zone.
14:17 of 2nd period - Patrick Sharp is hit by Craig Rivet and loses puck.
14:30 of 2nd period - Shot by Mike Cammalleri.
14:30 of 2nd period - Shot Misses the Net.
14:32 of 2nd period - Shot by Kevin Klein.
14:32 of 2nd period - Shot Blocked by Marek Zidlicky.
14:40 of 2nd period - Shot by Wojtek Wolski.
14:40 of 2nd period - Deflect By Mike Cammalleri.
14:40 of 2nd period - Stopped by Tomas Vokoun without a rebound.
14:41 of 2nd period - Mike Modano wins face-off versus Vernon Fiddler in Predators zone.
14:47 of 2nd period - Mike Cammalleri is hit by Derek Morris and loses puck.
14:50 of 2nd period - Shot by Randy Jones.
14:50 of 2nd period - Stopped by Tomas Vokoun without a rebound.
14:51 of 2nd period - Mike Modano wins face-off versus Vernon Fiddler in Predators zone.
15:45 of 2nd period - Shot by Patrick Sharp.
15:45 of 2nd period - Shot Misses the Net.
15:47 of 2nd period - Shot by Kevin Klein.
15:47 of 2nd period - Shot Misses the Net.
15:49 of 2nd period - Shot by Patrick Sharp.
15:49 of 2nd period - Stopped by Tomas Vokoun with a rebound.
15:51 of 2nd period - Shot by Kurt Sauer.
15:51 of 2nd period - Goal by Kurt Sauer - Predators : 6 - Avalanche : 2.
15:52 of 2nd period - Brett Mclean wins face-off versus Robert Lang in neutral zone.
15:52 of 2nd period - Joni Pitkanen is hit by Scott Hartnell and loses puck.
16:11 of 2nd period - Shot by Robert Lang.
16:11 of 2nd period - Shot Blocked by Sergei Brylin.
16:13 of 2nd period - Shot by Scott Hartnell.
16:13 of 2nd period - Deflect By Steve Sullivan.
16:13 of 2nd period - Stopped by Mike Smith without a rebound.
16:14 of 2nd period - Jeff Carter wins face-off versus Craig Conroy in Avalanche zone.
17:54 of 2nd period - Icing by Mike Modano.
17:55 of 2nd period - David Legwand wins face-off versus Mike Modano in Avalanche zone.
17:57 of 2nd period - Minor Penalty to Randy Jones for Roughing.
17:58 of 2nd period - David Legwand wins face-off versus Mike Modano in Avalanche zone.
18:09 of 2nd period - Shot by Shea Weber.
18:09 of 2nd period - Stopped by Mike Smith without a rebound.
18:10 of 2nd period - Brett Mclean wins face-off versus Robert Lang in Avalanche zone.
19:19 of 2nd period - Shot by David Legwand.
19:19 of 2nd period - Shot Blocked by Karlis Skrastins.

Period #3

0:01 of 3rd period - Mike Modano wins face-off versus David Legwand in neutral zone.
0:03 of 3rd period - Joni Pitkanen is hit by Justin Williams and loses puck.
0:21 of 3rd period - Minor Penalty to Justin Williams for Hooking.
0:22 of 3rd period - Patrick Sharp wins face-off versus David Legwand in Avalanche zone.
0:50 of 3rd period - Icing by Patrick Sharp.
0:51 of 3rd period - Patrick Sharp wins face-off versus Vernon Fiddler in Avalanche zone.
2:07 of 3rd period - Shot by Mike Cammalleri.
2:07 of 3rd period - Shot Blocked by Marek Zidlicky.
2:28 of 3rd period - Icing by Steve Sullivan.
2:29 of 3rd period - Robert Lang wins face-off versus Brett Mclean in Predators zone.
2:40 of 3rd period - Shot by Steve Sullivan.
2:40 of 3rd period - Deflect By Scott Hartnell.
2:40 of 3rd period - Shot Misses the Net.
2:52 of 3rd period - Shot by Sergei Brylin.
2:52 of 3rd period - Stopped by Tomas Vokoun with a rebound.
2:53 of 3rd period - Minor Penalty to Shea Weber for Roughing.
2:54 of 3rd period - Vernon Fiddler wins face-off versus Patrick Sharp in Predators zone.
3:02 of 3rd period - Mike Cammalleri is hit by Derek Morris and loses puck.
3:05 of 3rd period - Shot by Mike Cammalleri.
3:05 of 3rd period - Goal by Mike Cammalleri - Predators : 6 - Avalanche : 3.
3:06 of 3rd period - Craig Conroy wins face-off versus Vernon Fiddler in neutral zone.
3:47 of 3rd period - Shot by Gary Roberts.
3:47 of 3rd period - Stopped by Tomas Vokoun without a rebound.
3:48 of 3rd period - Brett Mclean wins face-off versus Robert Lang in Predators zone.
3:55 of 3rd period - Brett Mclean is hit by Robert Lang and loses puck.
4:56 of 3rd period - Craig Rivet is hit by Brandon Bochenski and loses puck.
5:01 of 3rd period - Shot by Brandon Bochenski.
5:01 of 3rd period - Stopped by Tomas Vokoun without a rebound.
5:02 of 3rd period - David Legwand wins face-off versus Craig Conroy in Predators zone.
5:47 of 3rd period - Icing by Derek Morris.
5:48 of 3rd period - Mike Modano wins face-off versus David Legwand in Predators zone.
5:51 of 3rd period - Shot by Mike Cammalleri.
5:51 of 3rd period - Shot Blocked by Derek Morris.
6:02 of 3rd period - Tomas Kaberle is hit by Randy Jones and loses puck.
6:35 of 3rd period - Shot by Martin Erat.
6:35 of 3rd period - Stopped by Mike Smith without a rebound.
6:36 of 3rd period - Robert Lang wins face-off versus Patrick Sharp in Avalanche zone.
6:49 of 3rd period - Shot by Scott Hartnell.
6:49 of 3rd period - Deflect By Robert Lang.
6:49 of 3rd period - Stopped by Mike Smith without a rebound.
6:50 of 3rd period - Robert Lang wins face-off versus Craig Conroy in Avalanche zone.
6:50 of 3rd period - Steve Sullivan is hit by Kurt Sauer and loses puck.
6:51 of 3rd period - Minor Penalty to Karlis Skrastins for Roughing.
6:52 of 3rd period - Steve Sullivan wins face-off versus Brett Mclean in Avalanche zone.
6:55 of 3rd period - Shot by Steve Sullivan.
6:55 of 3rd period - Stopped by Mike Smith with a rebound.
7:23 of 3rd period - Shot by Robert Lang.
7:23 of 3rd period - Stopped by Mike Smith without a rebound.
7:24 of 3rd period - Patrick Sharp wins face-off versus David Legwand in Avalanche zone.
8:12 of 3rd period - Icing by Shea Weber.
8:13 of 3rd period - David Legwand wins face-off versus Brett Mclean in Predators zone.
8:13 of 3rd period - David Legwand is hit by Brett Mclean.
8:29 of 3rd period - Shot by Steve Sullivan.
8:29 of 3rd period - Shot Misses the Net.
8:31 of 3rd period - Shot by Ryan Suter.
8:31 of 3rd period - Shot Misses the Net.
8:35 of 3rd period - Shot by Steve Sullivan.
8:35 of 3rd period - Shot Misses the Net.
8:37 of 3rd period - Shot by Robert Lang.
8:37 of 3rd period - Shot Blocked by Patrick Sharp.
8:39 of 3rd period - Shot by Scott Hartnell.
8:39 of 3rd period - Shot Blocked by Randy Jones.
8:41 of 3rd period - Shot by Scott Hartnell.
8:41 of 3rd period - Stopped by Mike Smith without a rebound.
8:42 of 3rd period - Robert Lang wins face-off versus Mike Modano in Avalanche zone.
9:15 of 3rd period - Shot by Jeff Carter.
9:15 of 3rd period - Stopped by Mike Smith without a rebound.
9:16 of 3rd period - Patrick Sharp wins face-off versus Robert Lang in Avalanche zone.
9:49 of 3rd period - Shot by Wojtek Wolski.
9:49 of 3rd period - Shot Misses the Net.
10:05 of 3rd period - Icing by Kevin Klein.
10:06 of 3rd period - Jeff Carter wins face-off versus Patrick Sharp in Avalanche zone.
10:14 of 3rd period - Shot by Martin Erat.
10:14 of 3rd period - Shot Misses the Net.
10:16 of 3rd period - Shot by Martin Erat.
10:16 of 3rd period - Shot Blocked by Brandon Bochenski.
10:18 of 3rd period - Shot by Martin Erat.
10:18 of 3rd period - Deflect By Jeff Carter.
10:18 of 3rd period - Shot Misses the Net.
11:29 of 3rd period - Icing by Mike Cammalleri.
11:30 of 3rd period - Mike Modano wins face-off versus Robert Lang in Avalanche zone.
11:37 of 3rd period - Shot by Martin Straka.
11:37 of 3rd period - Shot Misses the Net.
12:14 of 3rd period - Scott Hartnell is hit by Craig Conroy and loses puck.
12:29 of 3rd period - Shot by Bill Thomas.
12:29 of 3rd period - Stopped by Tomas Vokoun without a rebound.
12:30 of 3rd period - Brett Mclean wins face-off versus Vernon Fiddler in Predators zone.
12:34 of 3rd period - Icing by Vernon Fiddler.
12:35 of 3rd period - Craig Conroy wins face-off versus Vernon Fiddler in Predators zone.
13:04 of 3rd period - Shot by Gary Roberts.
13:04 of 3rd period - Shot Blocked by Jeff Carter.
13:16 of 3rd period - Shot by Jeff Carter.
13:16 of 3rd period - Stopped by Mike Smith without a rebound.
13:17 of 3rd period - Jeff Carter wins face-off versus Mike Modano in Avalanche zone.
13:30 of 3rd period - Randy Jones is hit by Martin Erat and loses puck.
13:46 of 3rd period - Icing by Randy Jones.
13:47 of 3rd period - Mike Modano wins face-off versus Paul Kariya in Avalanche zone.
14:06 of 3rd period - Off-side.
14:07 of 3rd period - Patrick Sharp wins face-off versus Scott Hartnell in neutral zone.
14:12 of 3rd period - Shot by Wojtek Wolski.
14:12 of 3rd period - Stopped by Tomas Vokoun without a rebound.
14:13 of 3rd period - Brandon Bochenski wins face-off versus Robert Lang in Predators zone.
14:51 of 3rd period - Steve Sullivan is hit by Kevin Klein.
15:03 of 3rd period - Shot by David Legwand.
15:03 of 3rd period - Shot Misses the Net.
15:48 of 3rd period - Greg De Vries is hit by Craig Rivet.
15:56 of 3rd period - Shot by Martin Erat.
15:56 of 3rd period - Stopped by Mike Smith without a rebound.
15:57 of 3rd period - Mike Modano wins face-off versus Jeff Carter in Avalanche zone.
16:06 of 3rd period - Minor Penalty to Mike Modano for Interference.
16:07 of 3rd period - Robert Lang wins face-off versus Brett Mclean in neutral zone.
16:24 of 3rd period - Shot by Derek Morris.
16:24 of 3rd period - Shot Misses the Net.
16:28 of 3rd period - Shot by Steve Sullivan.
16:28 of 3rd period - Stopped by Mike Smith without a rebound.
16:29 of 3rd period - Martin Straka wins face-off versus David Legwand in Avalanche zone.
17:08 of 3rd period - Icing by Shea Weber.
17:09 of 3rd period - Brett Mclean wins face-off versus David Legwand in Predators zone.
17:19 of 3rd period - Icing by Tomas Kaberle.
17:20 of 3rd period - David Legwand wins face-off versus Martin Straka in Predators zone.
17:22 of 3rd period - Icing by Justin Williams.
17:23 of 3rd period - Brett Mclean wins face-off versus David Legwand in Predators zone.
17:32 of 3rd period - Sergei Brylin is hit by David Legwand.
18:17 of 3rd period - Martin Erat is hit by Karlis Skrastins and loses puck.
19:04 of 3rd period - Shot by Mike Cammalleri.
19:04 of 3rd period - Stopped by Tomas Vokoun without a rebound.
19:05 of 3rd period - Robert Lang wins face-off versus Brett Mclean in Predators zone.
19:30 of 3rd period - Shot by Scott Hartnell.
19:30 of 3rd period - Stopped by Mike Smith without a rebound.
19:31 of 3rd period - Patrick Sharp wins face-off versus Jeff Carter in Avalanche zone.
19:31 of 3rd period - Patrick Sharp is hit by Josef Vasicek.
19:40 of 3rd period - Icing by Greg De Vries.
19:41 of 3rd period - Vernon Fiddler wins face-off versus Patrick Sharp in Avalanche zone.
19:41 of 3rd period - Tomas Kaberle is hit by Kevin Klein and loses puck.
19:52 of 3rd period - Shot by Patrick Sharp.
19:52 of 3rd period - Deflect By Brandon Bochenski.
19:52 of 3rd period - Shot Misses the Net.


Output by the SimonT Hockey Simulator (STHS) for Stephane Roy -- Original Page W3C XHTML 1.0 Valid